 Dungeon Crawl Stone Soup version 0.28-a0-863-g8cecda6153 (webtiles) character file.

Game seed: 3079922524521317709

48 pokeman the Magician (level 3, -4/20 HPs)
             Began as a Deep Elf Hedge Wizard on Nov 18, 2021.
             Killed by divine providence
             ... invoked by an orc priest
              (12 damage)
             ... on level 3 of the Dungeon.
             The game lasted 00:02:33 (1953 turns).

pokeman the Magician (Deep Elf Hedge Wizard)        Turns: 1953, Time: 00:02:34

Health: -4/20      AC:  3    Str:  7    XL:     3   Next: 50%
Magic:  4/11       EV: 11    Int: 19    God:
Gold:   134        SH:  0    Dex: 14    Spells: 1/12 levels left

rFire   . . .      SeeInvis .   m - +0 spear
rCold   . . .      Faith    .   (no shield)
rNeg    . . .      Spirit   .   d - +0 leather armour
rPois   .          Reflect  .   c - +0 hat
rElec   .          Harm     .   (no cloak)
rCorr   .          Rampage  .   (no gloves)
Will    .....                   (no boots)
Stlth   ++........              (no amulet)
HPRegen 0.06/turn               (no ring)
MPRegen 0.12/turn               (no ring)

@: very slightly contaminated
A: no striking features
a: no special abilities


You were on level 3 of the Dungeon.
You visited 1 branch of the dungeon, and saw 3 of its levels.

You collected 134 gold pieces.

Inventory:

Hand Weapons
 m - a +0 spear (weapon)
Missiles
 f - 8 bolts
 g - 51 arrows
Armour
 c - a +0 hat (worn)
 d - a +0 leather armour (worn)
Jewellery
 n - an amulet of faith
Scrolls
 a - a scroll of noise {unknown}
 b - a scroll of immolation {unknown}
 i - a scroll of blinking {unknown}
 j - 3 scrolls of identify {unknown}
 k - a scroll of holy word {unknown}
 l - a scroll of magic mapping {unknown}
Potions
 e - a potion of brilliance {unknown}
 h - a potion of heal wounds {unknown}


   Skills:
 + Level 0.9 Fighting
 - Level 1.0 Armour
 + Level 2.4 Dodging
 - Level 2.4 Stealth
 * Level 5.2 Spellcasting
 + Level 1.9 Conjurations
 - Level 1.1 Summonings
 - Level 1.1 Translocations


You had one spell level left.
You knew the following spells:

 Your Spells              Type           Power      Damage    Failure   Level
a - Magic Dart            Conj           48%        1d5       8%          1
b - Mephitic Cloud        Conj/Pois/Air  7%         N/A       38%         3
c - Call Imp              Summ           9%         N/A       17%         2
d - Blink                 Tloc           18%        N/A       17%         2
e - Conjure Flame         Conj/Fire      8%         6-21      34%         3

Your spell library contained the following spells:

 Spells                   Type           Power      Damage    Failure   Level
 Slow                     Hex            20%        N/A       19%         1
 Confusing Touch          Hex            5%         N/A       47%         3
 Vampiric Draining        Necr           5%         2d6       47%         3


Dungeon Overview and Level Annotations

Branches:
Dungeon (3/15)

Altars:
Xom

Annotations:
D:3 Grinder


Message History

There is an open door here.
You open the door.
Grinder comes into view.
She is carrying a wand of digging (8).
You close the door.
You open the door.
There is an open door here.
Found 2 boomerangs. 2 orcs and an orc priest come into view.
An orc is wielding a +2 short sword of freezing.
Casting: Magic Dart (safe; 8% risk of failure)
Confirm with . or Enter, or press ? or * to list all spells.
Aiming: Magic Dart (safe; 8% risk of failure)
Press: ? - help, Shift-Dir - straight line, f - orc
Aim: an orc, wielding a +0 trident (asleep, 100% to hit)
The magic dart hits the orc.
The orc is lightly wounded.
The orc shouts!
The orc priest invokes the aid of Beogh against you.
Beogh smites you!
Ouch! That really hurt!
Casting: Magic Dart (safe; 8% risk of failure)
Confirm with . or Enter, or press ? or * to list all spells.
Aiming: Magic Dart (safe; 8% risk of failure)
Press: ? - help, Shift-Dir - straight line, f/p - orc
Aim: an orc, wielding a +0 trident (lightly wounded, 100% to hit)
Okay, then.
Casting: Magic Dart (safe; 8% risk of failure)
Confirm with . or Enter, or press ? or * to list all spells.
The spell is potentially lethal to cast (34% risk of failure)!
Continue anyway?
You miscast Conjure Flame.
You are very lightly contaminated with residual magic.
Nothing appears to happen.
Casting: Conjure Flame (potentially lethal; 34% risk of failure)
Confirm with . or Enter, or press ? or * to list all spells.
The spell is potentially lethal to cast (34% risk of failure)!
Continue anyway?
The fire begins to smoulder!
The orc priest calls down the wrath of Beogh upon you.
Beogh smites you!
Ouch! That really hurt!
You die...

#..#......#.#...
#..#.#.####.##.# #....#...
..##.# ### ##.###########.#
..# ####.##### ##+# # #.#
#........# ##... ##.# #.#
#.##.###.# ##.... ..... #.#
#.##.#.#.# ##.....
##....##.###@##.....###....<.
....(..o.o............'......
##.....#########...####......
##.##. #..## ##..... # #.
#.## ##.... #o #.# ##... #.
#.# ##'# #o #.# #.# #o #.#
#.#


You could see an orc priest and an orc.

Vanquished Creatures
  2 adders
  A worm (D:2)
  2 orcs (D:3)
  An endoplasm (D:1)
  8 goblins
  A hobgoblin (D:2)
  A quokka (D:3)
  4 ball pythons
  A bat (D:1)
  2 frilled lizards
  2 kobolds
  3 rats
28 creatures vanquished.

Notes
Turn   | Place    | Note
-------+----------+-------------------------------------------
     0 | D:1      | pokeman the Deep Elf Hedge Wizard began the quest for the
                  | Orb.
     0 | D:1      | Reached XP level 1. HP: 10/10 MP: 7/7
   401 | D:1      | Reached XP level 2. HP: 16/16 MP: 5/9
  1206 | D:2      | Reached skill level 5 in Spellcasting
  1306 | D:2      | Found a shimmering altar of Xom.
  1313 | D:2      | Reached XP level 3. HP: 20/20 MP: 6/11
  1317 | D:2      | Learned a level 3 spell: Mephitic Cloud
  1320 | D:2      | Learned a level 2 spell: Call Imp
  1323 | D:2      | Learned a level 2 spell: Blink
  1327 | D:2      | Learned a level 3 spell: Conjure Flame
  1769 | D:3      | Reached skill level 1 in Armour
  1918 | D:3      | Noticed Grinder
  1953 | D:3      | Killed from afar by an orc priest

Illustrated notes

Levels and vault maps discovered:
D:1:      minmay_arrival_open_corners, layout_basic, minmay_misc_feat_roman,
          minmay_pentomino_u4
D:2:      layout_rooms, basic_altar, uniq_robin
D:3:      layout_loops_corners, uniq_grinder

Skill      XL: |  1  2  3 |
---------------+----------+-----
Spellcasting   | 5 |  5.2
Armour         | 1 |  1.0
Fighting       | |  0.9
Dodging        | |  2.4
Stealth        | |  2.4
Conjurations   | |  1.9
Summonings     | |  1.1
Translocations | |  1.1

Action                   || total
-------------------------++-------
Melee: Dagger            ||    10
 Cast: Magic Dart        ||    69
       Conjure Flame     ||     1
Armor: Leather armour    ||     1
Dodge: Dodged            ||    10

Table legend: (Time is in decaauts)
 A = Elapsed time spent in this place.
 B = Non-inter-level travel time spent in this place.
 C = Inter-level travel time spent in this place.
 D = Time resting spent in this place.
 E = Time spent auto-exploring this place.
 F = Levels seen in this place.
 G = Mean time per level.
                   A        B        C        D        E       F      G
               +--------+--------+--------+--------+--------+-----+--------+
         Total |   1952 |   1892 |     60 |     63 |   1600 |   3 |  650.7 |
       Dungeon |   1952 |   1892 |     60 |     63 |   1600 |   3 |  650.7 |
               +--------+--------+--------+--------+--------+-----+--------+

Top non-repeatable levels by time:
     D:1: 890 daAuts
     D:2: 638 daAuts
     D:3: 423 daAuts
